 Dungeon Crawl Stone Soup version 0.26.1-11-gd32895ea62 (webtiles) character file.

Game seed: 4956888340711448045

4638 vvl the Carver (level 10, -3/88 HPs)
             Began as a Black Draconian Fighter on June 8, 2021.
             Was an Initiate of Qazlal.
             Slain by a four-headed hydra (5 damage)
             ... on level 8 of the Dungeon.
             The game lasted 00:29:38 (12124 turns).

vvl the Carver (Black Draconian Fighter)           Turns: 12124, Time: 00:29:38

Health: -3/88      AC: 13    Str: 22    XL:     10   Next: 20%
Magic:  10/10      EV: 17    Int:  9    God:    Qazlal [......]
Gold:   543        SH: 10    Dex: 10    Spells: 9/9 levels left

rFire    . . .     SeeInvis .   a - +0 long sword
rCold    . . .     Faith    .   b - +0 kite shield
rNeg     . . .     Spirit   .   (armour unavailable)
rPois    .         Reflect  .   (helmet restricted)
rElec    +         Harm     .   I - +0 cloak
rCorr    .         Rampage  .   D - +0 pair of gloves
Will     .....                  (no boots)
Stlth    +.........             (no amulet)
HPRegen  0.24/turn              g - +4 ring of evasion
MPRegen  0.12/turn              y - +4 ring of protection

@: about to teleport
A: breathe lightning, unfitting armour, electricity resistance, cold-blooded, AC
+7
a: Breathe Lightning, Renounce Religion


You were on level 8 of the Dungeon.
You worshipped Qazlal.
Qazlal was noncommittal.
You visited 2 branches of the dungeon, and saw 9 of its levels.

You collected 543 gold pieces.

Inventory:

Hand Weapons
 a - a +0 long sword (weapon)
 u - the +3 hunting sling of Awkwardness {venom, rF++ MP+9 Str+4 Dex-3}
   (You found it on level 4 of the Dungeon)

   It poisons the ammo it fires.
   It affects your strength (+4).
   It affects your dexterity (-3).
   It greatly protects you from fire.
   It affects your magic capacity (+9).
 G - the +5 dagger of Classification {flame, rC+}
   (You found it on level 7 of the Dungeon)

   It has been specially enchanted to burn those struck by it, causing extra
   injury to most foes and up to half again as much damage against particularly
   susceptible opponents.
   It protects you from cold.
 H - a +2 quarterstaff of chaos
Missiles
 F - 11 boomerangs of dispersal (quivered)
Armour
 b - a +0 kite shield (worn)
 D - a +0 pair of gloves (worn)
 I - a +0 cloak (worn)
Magical Staves
 B - an uncursed staff of fire
Jewellery
 g - a +4 ring of evasion (left hand)
 h - a cursed amulet of inaccuracy {unknown}
 q - an uncursed ring of wizardry
 y - a +4 ring of protection (right hand)
 E - an uncursed ring of wizardry
Wands
 C - a wand of paralysis (6)
 J - a wand of flame (15)
Scrolls
 c - 6 scrolls of magic mapping
 e - 5 scrolls of teleportation
 k - 6 scrolls of remove curse
 l - 3 scrolls of enchant armour
 n - 3 scrolls of fear {unknown}
 p - a scroll of immolation {unknown}
 s - a scroll of random uselessness {unknown}
 v - 3 scrolls of fog
 x - 3 scrolls of amnesia
 z - a scroll of blinking {unknown}
Potions
 d - a potion of mutation
 f - 2 potions of haste
 i - 2 potions of degeneration
 j - 4 potions of lignification
 o - 3 potions of attraction
 r - a potion of ambrosia {unknown}
 t - a potion of resistance {unknown}
 w - 2 potions of heal wounds {unknown}
 A - a potion of curing
 K - a potion of flight {unknown}


   Skills:
 + Level 7.6 Fighting
 * Level 9.2 Long Blades
 + Level 6.3 Dodging
 + Level 6.9 Shields
 + Level 3.4 Conjurations
 + Level 4.1 Air Magic


You had 9 spell levels left.
You didn't know any spells.
Your spell library contained the following spells:

 Spells                   Type           Power        Failure   Level
 Magic Dart               Conj           24%          28%         1
 Searing Ray              Conj           12%          38%         2
 Summon Small Mammal      Summ           0%           75%         1
 Call Imp                 Summ           0%           86%         2
 Dazzling Flash           Conj/Hex       6%           86%         3
 Call Canine Familiar     Summ           0%           98%         3
 Summon Guardian Golem    Hex/Summ       0%           98%         3
 Fulminant Prism          Conj/Hex       1%           99%         4
 Iskenderun's Mystic Bla  Conj/Tloc      3%           99%         4
 Summon Lightning Spire   Summ/Air       3%           99%         4
 Summon Ice Beast         Ice/Summ       0%           100%        4


Dungeon Overview and Level Annotations

Branches:
Dungeon (8/15)             Temple (1/1) D:7
   Lair: D:8-11

Altars:
Ashenzari
Cheibriados
Dithmenos
Elyvilon
Fedhas
Gozag
Hepliaklqana
Kikubaaqudgha
Makhleb
Nemelex Xobeh
Okawaru
Qazlal
Ru
Sif Muna
Trog
Uskayaw
Vehumet
Wu Jian
Xom
Yredelemnul
Zin
The Shining One

Shops:
D:4 =


Innate Abilities, Weirdness & Mutations

You can breathe wild blasts of lightning.
Your glossy black scales are hard. (AC +7)
You cannot fit into any form of body armour.
You are resistant to electric shocks. (rElec)
You are cold-blooded and may be slowed by cold attacks.


Message History

You slice the basilisk!!
The basilisk is almost dead.
The helpless basilisk fails to defend itself.
You slice the basilisk!!
You kill the basilisk!
Qazlal accepts your kill.
A hydra and an ice beast come into view.
The four-headed hydra roars!
Items here: ( )) ††.
Okay, then.
Aiming: Paralyse
Press: ? - help, Shift-Dir - straight line, f - four-headed hydra
Aim: a four-headed hydra (chance to affect: 15%)
Okay, then.
As you read the scroll of teleportation, it crumbles to dust.
You feel strangely unstable. The four-headed hydra bites you!
* * * LOW HITPOINT WARNING * * *
The four-headed hydra closely misses you.
The four-headed hydra bites you.
You die...

##.## ##..# #.# ### ##
##.#######.# ##..## #........>#
Y.....###..######## #.....#..#
# ##)#..# #.## ###..#..#
#..####.D.##..# #....)@.##...#
##.(...##..#.# ######
###(###.....# .....##
##(#.#.##..#.# ..#...##
##..#.#..##...#
##.##..###...#.#...##..#
#...##..#....#.#....#..#####
#...#...#####...#####......####
#.[.##..'...........#.(.......#


You could see a four-headed hydra.

Vanquished Creatures
  A centaur warrior (D:8)
  A two-headed ogre (D:8)
  A gargoyle (D:8)
  3 yaks (D:8)
  A basilisk (D:8)
  Menkaure (D:5)
  Duvessa (D:5)
  A water moccasin (D:8)
  An ice beast (D:7)
  A hornet zombie (D:6)
  An ogre (D:6)
  A sky beast (D:7)
  A phantom (D:3)
  A centaur (D:8)
  A big kobold (D:7)
  3 bullfrogs
  Dowan (D:5)
  3 scorpions
  A killer bee (D:8)
  2 jellies
  A quasit (D:6)
  A centaur skeleton (D:8)
  2 hounds
  A gnoll shaman (D:7)
  Crazy Yiuf (D:7)
  Terence (D:2)
  3 iguanas
  4 orc wizards
  3 iron imps (D:3)
  2 bullfrog skeletons
  7 worker ants
  2 hound skeletons
  A worker ant zombie (D:7)
  10 gnolls
  7 adders
  A shadow imp (D:6)
  3 white imps
  2 ufetubi (D:7)
  An ooze (D:7)
  2 worms
  3 dart slugs (D:1)
  4 leopard geckos
  25 orcs
  6 giant cockroaches
  7 goblins
  8 hobgoblins
  11 jackals
  13 kobolds
  6 quokkas
  3 ball pythons
  6 bats
  5 frilled lizards
  2 jackal skeletons
  2 quokka zombies
  9 rats
192 creatures vanquished.

Vanquished Creatures (others)
  3 plants (D:2)
3 creatures vanquished.

Grand Total: 195 creatures vanquished

Notes
Turn   | Place    | Note
-------+----------+-------------------------------------------
     0 | D:1      | vvl the Draconian Fighter began the quest for the Orb.
     0 | D:1      | Reached XP level 1. HP: 19/19 MP: 1/1
    98 | D:1      | You fall into a shaft and drop 1 floor!
   118 | D:2      | Reached XP level 2. HP: 11/26 MP: 2/2
   645 | D:1      | Reached XP level 3. HP: 19/31 MP: 3/3
  1778 | D:2      | Reached skill level 3 in Long Blades
  1854 | D:2      | Noticed Terence
  1877 | D:2      | Killed Terence
  1878 | D:2      | Reached XP level 4. HP: 14/40 MP: 4/4
  2395 | D:3      | Found a burning altar of Makhleb.
  2681 | D:3      | Noticed a phantom
  2720 | D:3      | Killed a phantom
  2721 | D:3      | Reached XP level 5. HP: 20/46 MP: 5/5
  3151 | D:3      | Found a burning altar of Makhleb.
  3178 | D:3      | Reached skill level 4 in Long Blades
  3181 | D:3      | Reached XP level 6. HP: 14/53 MP: 6/6
  4579 | D:4      | Got a bloodstained hunting sling
  4580 | D:4      | Identified the +3 hunting sling of Awkwardness {venom, rF++
                  | MP+9 Str+4 Dex-3} (You found it on level 4 of the Dungeon)
  4649 | D:4      | Found Kazigiz's Jewellery Shop.
  4680 | D:4      | Reached skill level 5 in Long Blades
  4680 | D:4      | Your scales start taking on a glossy black colour.
  4680 | D:4      | Reached XP level 7. HP: 60/60 MP: 7/7
  4680 | D:4      | Gained mutation: You are resistant to electric shocks.
                  | (rElec) [Black Draconian growth]
  4915 | D:5      | Entered Level 5 of the Dungeon
  4972 | D:5      | Reached skill level 5 in Fighting
  5009 | D:5      | Noticed Duvessa
  5011 | D:5      | Noticed Dowan
  5027 | D:5      | Killed Duvessa
  5031 | D:5      | Killed Dowan
  5140 | D:5      | Found a radiant altar of Vehumet.
  5169 | D:5      | Noticed Menkaure
  5189 | D:5      | Killed Menkaure
  5817 | D:5      | Reached skill level 5 in Shields
  5822 | D:5      | Reached skill level 6 in Long Blades
  6652 | D:6      | Reached XP level 8. HP: 70/70 MP: 8/8
  7327 | D:6      | Reached skill level 5 in Dodging
  7395 | D:6      | Reached skill level 7 in Long Blades
  8179 | D:7      | Found a staircase to the Ecumenical Temple.
  8275 | Temple   | Entered the Ecumenical Temple
  8328 | Temple   | Became a worshipper of Qazlal Stormbringer
  8776 | D:7      | Found an ornate altar of the Wu Jian Council.
  8896 | D:7      | Reached skill level 1 in Air Magic
  8896 | D:7      | Reached XP level 9. HP: 65/78 MP: 9/9
  9063 | D:7      | Got a shimmering dagger
  9065 | D:7      | Identified the +5 dagger of Classification {flame, rC+}
                  | (You found it on level 7 of the Dungeon)
  9121 | D:7      | Found an opulent altar of Gozag.
  9130 | D:7      | Found a shimmering blue altar of Sif Muna.
  9130 | D:7      | Found a shadowy altar of Dithmenos.
  9135 | D:7      | Found a snail-covered altar of Cheibriados.
  9305 | D:7      | Found a runed translucent door.
  9306 | D:7      | Noticed Crazy Yiuf
 10068 | D:7      | Killed Crazy Yiuf
 10415 | D:8      | Noticed a two-headed ogre
 10421 | D:8      | Reached skill level 1 in Conjurations
 10426 | D:8      | Killed a two-headed ogre
 10427 | D:8      | Reached skill level 8 in Long Blades
 10477 | D:8      | Noticed a centaur warrior
 10544 | D:8      | Killed a centaur warrior
 10561 | D:8      | Reached * piety under Qazlal
 11123 | D:8      | Reached XP level 10. HP: 86/86 MP: 10/10
 11181 | D:8      | Found a blossoming altar of Fedhas.
 11364 | D:8      | Reached skill level 9 in Long Blades
 11384 | D:8      | Identified the +5 scythe "Femig" {venom, rF++ rC+}
 11384 | D:8      | Noticed a death knight
 12055 | D:8      | Noticed a gargoyle
 12082 | D:8      | Killed a gargoyle
 12094 | D:8      | Identified the +8 morningstar "Yclich" {antimagic, rF+ MP+9
                  | Str-3 Int+8}
 12120 | D:8      | Noticed a four-headed hydra
 12124 | D:8      | HP: 2/88 [four-headed hydra (16)]
 12124 | D:8      | Slain by a four-headed hydra

Illustrated notes

Levels and vault maps discovered:
D:1:      dpeg_arrival_circle_labyrinth_a, layout_basic,
          minmay_misc_feat_nine_boxes, minmay_small_reverse_x
D:2:      layout_rooms, serial_forest, infiniplex_forest_clump_medium,
          infiniplex_forest_lined_room_, infiniplex_forest_lined_1,
          infiniplex_forest_end_1, infiniplex_forest_clump_double,
          infiniplex_forest_straight_5, uniq_terence
D:3:      layout_basic, demons_altar, serial_co_window_serial,
          co_window_corner_a, co_window_of_opportunity_a, co_window_corner_a,
          co_window_corner_a, co_window_of_opportunity_a, co_window_paths_a,
          co_window_paths_b, co_window_paths_a, co_window_of_opportunity_a,
          co_window_unsneaky_path_b, co_window_unsneaky_path_e,
          co_window_broadway_c, co_window_of_opportunity_b,
          co_window_unsneaky_path_a, glass_columns_a, bloody_makhleb
D:4:      layout_rooms, serial_bayou, serial_bayou_lake_a, serial_bayou_pond_c,
          serial_bayou_ford_a, serial_bayou_pond_d,
          minmay_shop_enchanted_jewellery
D:5:      layout_basic, nicolae_overflow_crystal_walls, uniq_menkaure,
          uniq_duvessa
D:6:      layout_basic, grunt_ministairs_15
D:7:      layout_basic, minitemple, minmay_temple_entry_overgrown, basic_altar,
          enter_ossuary_5, minmay_unpleasant_kobolds, uniq_crazy_yiuf_cottage
D:8:      minmay_the_grid_octo_2x2 [minmay_the_grid_octo_chip,
          minmay_the_grid_octo_clover, minmay_the_grid_octo_odd_swirl,
          minmay_the_grid_octo_prize_square_snowflake], layout_basic,
          basic_altar
Temple:   lightli_temple_of_artemis

Skill      XL: |  1  2  3  4  5  6  7  8  9 10 |
---------------+-------------------------------+-----
Dodging        | 3 4 5 6 |  6.3
Long Blades    | 3 4 5 6 7 8 9 |  9.2
Fighting       | 4 5 6 7 |  7.6
Shields        | 4 5 6 |  6.9
Air Magic      | 1 3 4 |  4.1
Conjurations   | 3 |  3.4

Action                   |  1- 3 |  4- 6 |  7- 9 | 10-12 || total
-------------------------+-------+-------+-------+-------++-------
Melee: Long sword        |   134 |   144 |   366 |    68 ||   712
       Tailslap          |    16 |    21 |    63 |     9 ||   109
 Abil: Breathe Lightning |       |       |    13 |     1 ||    14
Evoke: Wand              |       |       |       |     1 ||     1
  Use: Potion            |     1 |     2 |     3 |     2 ||     8
       Scroll            |       |       |     8 |     4 ||    12
 Stab: Paralysed         |       |       |       |     4 ||     4
Armor: Skin              |    32 |    32 |   100 |    14 ||   178
Dodge: Dodged            |    50 |    71 |   226 |    41 ||   388
Block: Kite shield       |    62 |    50 |   208 |    36 ||   356
       Rpst.: Long sword |    11 |    20 |    62 |    15 ||   108
